 Dungeon Crawl Stone Soup version 0.32-a0-834-geaf45d8e21 (webtiles) character file.

Game seed: 8914124497195417322

90 wilfster70 the Trooper (level 4, -2/29 HPs)
             Began as a Gargoyle Berserker on Mar 25, 2024.
             Was a Priest of Trog.
             Incinerated by a bombardier beetle (5 damage)
             ... with a burning spray
             ... on level 3 of the Dungeon.
             The game lasted 00:04:51 (1754 turns).

wilfster70 the Trooper (Gargoyle Berserker)         Turns: 1754, Time: 00:04:52

Health: -2/29      AC: 13    Str: 23    XL:     4   Next: 56%
Magic:  4/4        EV:  7    Int:  7    God:    Trog [***...]
Gold:   136        SH:  0    Dex:  9    Spells: 3/3 levels left

rFire   . . .        a - +0 hand axe
rCold   + . .        (no shield)
rNeg    + . .        c - +0 chain mail
rPois   ∞            (no helmet)
rElec   +            (no cloak)
rCorr   .            j - +0 pair of gloves
SInv    .            (no boots)
Will    .....        (no amulet) Stlth
                     k - ring of protection from cold
HPRegen 0.24/turn    (no ring)
MPRegen 0.09/turn

%: no passive effects
@: on fire, glowing
A: sickness immunity, AC +3, negative energy resistance 1, electricity
resistance, torment resistance 1, petrification resistance
a: Renounce Religion, Berserk, Trog's Hand


You were on level 3 of the Dungeon.
You worshipped Trog.
Trog was most pleased with you.
You visited 1 branch of the dungeon, and saw 4 of its levels.

You collected 136 gold pieces.

Inventory:

Hand Weapons
 a - a +0 hand axe (weapon)
Armour
 c - a +0 chain mail (worn)
 j - a +0 pair of gloves (worn)
Jewellery
 k - a ring of protection from cold (left hand)
Scrolls
 d - 2 scrolls of teleportation
 h - a scroll of vulnerability {unknown}
 m - a scroll of revelation {unknown}
Potions
 b - a potion of curing
 e - 2 potions of heal wounds
 f - a potion of cancellation {unknown}
 g - a potion of ambrosia {unknown}
 i - a potion of mutation {unknown}
 l - a potion of berserk rage {unknown}


   Skills:
 + Level 4.2 Fighting
 - Level 2.6(3.3) Axes
 * Level 3.2(3.8) Maces & Flails
 - Level 2.1 Armour
 - Level 1.5 Dodging


You had 3 spell levels left.
You didn't know any spells.
Your spell library was empty.

Dungeon Overview and Level Annotations

Branches:
Dungeon (4/15)
 Temple: D:4-7

Altars:
Fedhas
Kikubaaqudgha
Yredelemnul


Innate Abilities, Weirdness & Mutations

You are immune to sickness and miasma.
Your stone body is resilient. (AC +3)
You are immune to poison.
You resist negative energy. (rN+)
You are resistant to electric shocks. (rElec)
You are resistant to unholy torment.
You are immune to petrification.


Message History

Found 9 gold pieces.
The jackal barks!
The bombardier beetle bites you but does no damage.
An orc priest comes into view. It is wielding a +0 hand axe.
A hobgoblin comes into view.
The orc priest shouts!
You hit the bombardier beetle but do no damage.
You hear a bark!
The jackal barely misses you.
An orc comes into view. It is wielding a +0 whip.
The bombardier beetle sprays incendiary fluid at you.
The burning spray hits you.
You are covered in liquid fire!
You shake off some of the fire as you move.
The liquid fire burns you! The jackal attacks as it pursues you!
The jackal bites you but does no damage.
There is a stone staircase leading up here.
The liquid fire burns you! The jackal barely misses you.
The orc priest looks braver for a moment.
The liquid fire burns you! The jackal barely misses you.
The jackal bites you but does no damage.
The jackal misses you.
The jackal pauses to sniff the ground.
You shake off some of the fire as you move.
You climb upwards.
The liquid fire burns you!
* * * LOW HITPOINT WARNING * * *
There is a stone staircase leading down here.
You are too injured to fight recklessly!
You are too injured to fight recklessly!
You hit the jackal but do no damage. x2
The liquid fire burns you!
* * * LOW HITPOINT WARNING * * *
The jackal barely misses you. x2; The jackal closely misses you.
You closely miss the jackal. You completely miss the jackal.
The liquid fire burns you!
You die...

...<.......#..##.###........###..
.......##......#.###.....######.#
.....###.#..#)...#.......#####..#
........#...##...................
......#.##.......................
##.#†#.##..................#.....
#.#.....................#######.
#.###...............<...# #.
#..............@........#######.
#.###.........h.h.[.............
#..##...................#######.
##..##......(............# ####.
....###..................# #....
.#..# ##.....#...........# #....
.#### ###.####.#.......## #....
.#########.# #.##.....## #....
.#.#.#.#.#.# #..################


You could see 2 jackals.

Vanquished Creatures
  An adder (D:2)
  4 dart slugs
  2 ribbon worms (D:3)
  An orc (D:3)
  3 ball pythons
  8 bats
  5 endoplasms
  A giant cockroach (D:1)
  9 goblins
  7 hobgoblins
  2 jackals (D:1)
  2 quokkas
  6 frilled lizards
  7 kobolds
  5 rats
63 creatures vanquished.

Notes
Turn   | Place    | Note
-------+----------+-------------------------------------------
     0 | D:1      | wilfster70 the Gargoyle Berserker began the quest for the
                  | Orb.
     0 | D:1      | Reached XP level 1. HP: 14/14 MP: 1/1
    99 | D:1      | Reached skill level 1 in Maces & Flails
   101 | D:1      | Reached XP level 2. HP: 19/19 MP: 2/2
   261 | D:1      | Reached ** piety under Trog
   264 | D:1      | Reached XP level 3. HP: 24/24 MP: 3/3
   270 | D:1      | Found a faded altar of an unknown god.
   748 | D:2      | Reached skill level 4 in Fighting
   815 | D:2      | Found a basalt altar of Yredelemnul.
   846 | D:2      | Reached XP level 4. HP: 29/29 MP: 4/4
  1457 | D:3      | Reached *** piety under Trog
  1483 | D:3      | Found an ancient bone altar of Kikubaaqudgha.
  1486 | D:3      | Found a blossoming altar of Fedhas.
  1754 | D:3      | Incinerated by a bombardier beetle

Illustrated notes

Levels and vault maps discovered:
D:1:      lemuel_arrival_funnel, layout_basic,
          shapermc_ecumenical_altar_totnotflames
D:2:      layout_loops_ring, basic_altar
D:3:      layout_rooms, grunt_temple_overflow_growth_and_decay,
          minmay_misc_feat_square, minmay_misc_feat_hallway,
          hangedman_feature_mirror, nicolae_figureground_pulse
D:4:      layout_cave_pools, serial_shops, nicolae_lakefront_shop,
          uniq_eustachio, uniq_edmund

Skill      XL: |  1  2  3  4 |
---------------+-------------+-----
Maces & Flails | 1 2 3 |  3.2
Fighting       | 4 |  4.2
Axes           | |  2.6
Armour         | |  2.1
Dodging        | |  1.5

Action                     |  1- 3 |  4- 6 || total
---------------------------+-------+-------++-------
  Melee: Hand axe          |    94 |    77 ||   171
    Use: Scroll            |     2 |     1 ||     3
 Armour: Chain mail        |    79 |    65 ||   144
  Dodge: Dodged            |    39 |    41 ||    80

Table legend: (Time is in decaauts)
 A = Elapsed time spent in this place.
 B = Non-inter-level travel time spent in this place.
 C = Inter-level travel time spent in this place.
 D = Time resting spent in this place.
 E = Time spent auto-exploring this place.
 F = Levels seen in this place.
 G = Mean time per level.
                   A        B        C        D        E       F      G
               +--------+--------+--------+--------+--------+-----+--------+
         Total |   1779 |   1731 |     48 |     21 |    760 |   4 |  444.8 |
       Dungeon |   1779 |   1731 |     48 |     21 |    760 |   4 |  444.8 |
               +--------+--------+--------+--------+--------+-----+--------+

Top non-repeatable levels by time:
     D:1: 669 daAuts
     D:3: 560 daAuts
     D:2: 540 daAuts
     D:4: 8 daAuts
